 Dungeon Crawl Stone Soup version 0.23.0 (webtiles) character file.

Game seed: 17833199988029833640

15 tidbits the Charmwright (level 2, 4/26 HPs)
             Began as a Gnoll Skald on Feb 14, 2019.
             Quit the game on level 3 of the Dungeon.
             The game lasted 00:02:22 (252 turns).

tidbits the Charmwright (Gnoll Skald)                Turns: 252, Time: 00:02:23

Health: 4/26       AC:  3    Str: 13    XL:     2   Next: 50%
Magic:  4/7        EV: 14    Int: 15    God:
Gold:   18         SH:  0    Dex: 14    Spells: 5/10 levels left

rFire    . . .     SeeInvis .   a - +0 spear
rCold    . . .     Gourm    .   (no shield)
rNeg     . . .     Faith    .   b - +0 leather armour
rPois    .         Spirit   .   (no helmet)
rElec    .         Reflect  .   (no cloak)
rCorr    .         Harm     .   (no gloves)
MR       .....                  (no boots)
Stlth    +.........             (no amulet)
HPRegen  0.08/turn              (no ring)
MPRegen  0.10/turn              (no ring)

@: singing
A: distributed training, fangs 1, strong nose
a: no special abilities


You were on level 3 of the Dungeon.
You were full.

You visited 1 branch of the dungeon, and saw 4 of its levels.

You collected 18 gold pieces.

Inventory:

Hand Weapons
 a - a +0 spear (weapon)
Armour
 b - a +0 leather armour (worn)
 c - a +0 ring mail
 k - a +2 shield
Scrolls
 e - a scroll of teleportation {unknown}
 f - 3 scrolls of random uselessness {unknown}
 g - a scroll of identify {unknown}
 j - a scroll of blinking {unknown}
Potions
 h - a potion of curing {unknown}
 i - a potion of flight {unknown}
 l - a potion of mutation {unknown}
Comestibles
 d - 3 rations


   Skills:
 + Level 4.5 Fighting
 + Level 0.4 Short Blades
 + Level 0.4 Long Blades
 + Level 0.4 Axes
 + Level 0.4 Maces & Flails
 + Level 4.5 Polearms
 + Level 0.4 Staves
 + Level 0.4 Slings
 + Level 0.4 Bows
 + Level 0.4 Crossbows
 + Level 0.4 Throwing
 + Level 2.5 Armour
 + Level 4.5 Dodging
 + Level 0.4 Stealth
 + Level 0.4 Shields
 + Level 0.4 Unarmed Combat
 + Level 4.9 Spellcasting
 + Level 0.2 Conjurations
 + Level 0.2 Hexes
 + Level 5.3 Charms
 + Level 0.2 Summonings
 + Level 0.2 Necromancy
 + Level 0.2 Translocations
 + Level 0.2 Transmutations
 + Level 0.2 Fire Magic
 + Level 0.2 Ice Magic
 + Level 0.2 Air Magic
 + Level 0.2 Earth Magic
 + Level 0.2 Poison Magic
 + Level 0.5 Invocations
 + Level 0.4 Evocations


You had 5 spell levels left.
You knew the following spells:

 Your Spells              Type           Power        Failure   Level  Hunger
g - Shroud of Golubria    Chrm/Tloc      ##........   10%         2    ##.....
i - Infusion              Chrm           ###.         2%          1    None
y - Song of Slaying       Chrm           ###.....     3%          2    ##.....

Your spell library contained the following spells:

 Spells                   Type           Power        Failure   Level  Hunger
 Regeneration             Chrm/Necr      ##........   21%         3    ###....
 Spectral Weapon          Hex/Chrm       ##......     21%         3    ###....


Dungeon Overview and Level Annotations

Branches:
Dungeon (4/15)
 Temple: D:4-7

Altars:

Annotations:
D:3 Natasha, Robin


Innate Abilities, Weirdness & Mutations

Your experience applies equally to all skills.
You have very sharp teeth.
Your uncanny sense of smell can sniff out nearby items.


Message History

The hobgoblin is heavily wounded.
The goblin closely misses you.
You hit the hobgoblin but do no damage.
The hobgoblin is heavily wounded.
The hobgoblin closely misses you.
You hear a zap.
You hear a grinding noise.
You closely miss the goblin. The goblin barely misses you.
You miss the goblin. The goblin closely misses you.
You hear a zap.
Some rock shatters into small pieces.
The goblin no longer looks unusually strong. x2
The goblin completely misses you.
Attack whom?
Press: ? - help, Dir - move target cursor, f - goblin
Aim: a goblin (unusually strong)
You reach to attack!
You hit the goblin.
You kill the goblin!
You miss the goblin. The goblin completely misses you.
You hear a zap.
You hear a grinding noise.
You hit the goblin.
The goblin is heavily wounded.
The hobgoblin no longer looks unusually strong.
The goblin no longer looks unusually strong.
The goblin barely misses you.
The goblin no longer looks unusually strong.
The goblin no longer looks unusually strong.
You hear a zap.
You hear a grinding noise.
Your magical contamination has completely faded away.
You barely miss the goblin.
The goblin is heavily wounded.
The goblin hits you but does no damage.
You closely miss the goblin.
The goblin is heavily wounded.
You barely miss the goblin.
The goblin is heavily wounded.
Robin flexes a bicep menacingly.
The goblin barely misses you. The goblin misses you.
You hear a shout!
The goblin hits you with a +0 club.
Robin roars a battlecry!
The goblins go into a battle-frenzy!
The goblin hits you.
* * * LOW HITPOINT WARNING * * *
The goblin barely misses you.
Your song is almost over.
A goblin comes into view. It is wielding a +0 dagger.
The goblin shouts!
You see here a quokka corpse.
Your song has ended.
Unknown command.
Casting: Shroud of Golubria (safe; 10% risk of failure)
Confirm with . or Enter, or press ? or * to list all spells.
You start singing a song of slaying.
The goblin misses you.
Unknown command.
You hit the goblin.
The goblin is moderately wounded.
The goblin barely misses you.
Robin zaps a wand.
Some rock shatters into small pieces.
You barely miss the goblin.
The goblin is moderately wounded.
The goblin no longer looks unusually strong.
The goblin completely misses you.
You hit the goblin.
You kill the goblin!
The hobgoblin no longer looks unusually strong.
Robin roars a battlecry!
The goblins go into a battle-frenzy!
You miss the goblin.
The goblin no longer looks unusually strong.
The goblin hits you with a +0 club.
* * * LOW HITPOINT WARNING * * *
You hit the goblin.
You kill the goblin!
Robin roars a battlecry!
The goblin goes into a battle-frenzy!
You hit the goblin.
The goblin is heavily wounded.
The goblin hits you with a +0 dagger.
* * * LOW HITPOINT WARNING * * *
You hit the goblin.
You kill the goblin!
You closely miss the goblin. The goblin hits you.
* * * LOW HITPOINT WARNING * * *
Casting: Song of Slaying (safe; 3% risk of failure)
Confirm with . or Enter, or press ? or * to list all spells.
You don't know that spell.
You hit the goblin.
The goblin is heavily wounded.
Robin zaps a wand.
Some rock shatters into small pieces.
The now-empty wand crumbles to dust.
A bat comes into view.
The goblin hits you.
* * * LOW HITPOINT WARNING * * *
A worm comes into view.
Are you sure you want to abandon this character and quit the game? (Confirm with "yes".)
Okay, then.
Are you sure you want to abandon this character and quit the game? (Confirm with "yes".)
Okay, then.
Unknown command.
Are you sure you want to abandon this character and quit the game? (Confirm with "yes".)

#..# #..# ..
#...#.# #..#..# ##
#..g..#.. #gog##.#
##†gwb# #gg#.#
#@.# # #..#
#..###############
#.....>..)........
#################.
#. ##


You could see a worm (wandering), Robin, an orc, 2 hobgoblins, 3 goblins and a
bat.

Vanquished Creatures
  A worm (D:3)
  A giant cockroach (D:2)
  6 goblins
  A quokka (D:3)
  A bat (D:3)
  A frilled lizard (D:3)
11 creatures vanquished.

Notes
Turn   | Place    | Note
-------+----------+-------------------------------------------
     0 | D:1      | tidbits the Gnoll Skald began the quest for the Orb.
     0 | D:1      | Reached XP level 1. HP: 20/20 MP: 6/6
    71 | D:3      | Noticed Natasha
   110 | D:3      | Reached XP level 2. HP: 26/26 MP: 0/7
   114 | D:3      | Learned a level 2 spell: Song of Slaying
   117 | D:3      | Learned a level 2 spell: Shroud of Golubria
   207 | D:3      | Noticed Robin
   251 | D:3      | HP: 4/26 [goblin[Robin] (3)]
   252 | D:3      | Quit the game

Action                   || total
-------------------------++-------
Melee: Spear             ||    43
       Bite              ||     3
 Cast: Infusion          ||     4
       Song of Slaying   ||     2
  Eat: Ration            ||     1
Armor: Leather armour    ||     2
Dodge: Dodged            ||    19

Table legend:
 A = Turns spent in this place as a percentage of turns spent in the entire game.
 B = Non-inter-level travel turns spent in this place as a percentage of non-inter-level travel turns spent in the entire game.
 C = Inter-level travel turns spent in this place as a percentage of turns spent in this place.
 D = Turns resting spent in this place as a percentage of non-inter-level travel turns spent in this place.
 E = Turns spent auto-exploring this place as a percentage of non-inter-level travel turns spent in this place.
 F = Non-inter-level travel turns spent in this place divided by the number of levels of this place that you've seen.
                   A       B       C       D       E      F
               +-------+-------+-------+-------+-------+----------------------
         Total | 100.0 | 100.0 |   0.0 |   0.0 |   0.0 |  63.0
       Dungeon | 100.0 | 100.0 |   0.0 |   0.0 |   0.0 |  63.0
               +-------+-------+-------+-------+-------+----------------------

Table legend:
 A = Kills in this place as a percentage of kills in entire the game.
 B = Kills by you in this place as a percentage of kills by you in the entire game.
 C = Kills by friends in this place as a percentage of kills by friends in the entire game.
 D = Other kills in this place as a percentage of other kills in the entire game.
 E = Experience gained in this place as a percentage of experience gained in the entire game.
 F = Experience gained in this place divided by the number of levels of this place that you have seen.
                   A       B       C       D       E      F
               +-------+-------+-------+-------+-------+----------------------
         Total | 100.0 | 100.0 |   N/A |   N/A | 100.0 |   5.5
       Dungeon | 100.0 | 100.0 |   N/A |   N/A | 100.0 |   5.5
               +-------+-------+-------+-------+-------+----------------------

Levels and vault maps discovered:
D:1:      psy_arrival_basics, layout_rooms
D:2:      layout_loops_ring, roderic_roman_lattice, uniq_terence
D:3:      layout_loops_ring, first_ration, skrybe_limestone_x, uniq_natasha,
          uniq_robin
D:4:      layout_cave_pods, serial_shops, kennysheep_mini,
          gup_ossuary_entry_pyramid, uniq_eustachio, uniq_grinder
